 Dungeon Crawl Stone Soup version 0.24-a0-459-g225fefd530 (webtiles) character file.

Game seed: 4125808432318624474

223 Craser22 the Chopper (level 5, 0/45 HPs)
             Began as a Minotaur Berserker on June 29, 2019.
             Was a Priest of Trog.
             Slain by Grinder (2 damage)
             ... while paralysed by Grinder
             ... on level 4 of the Dungeon.
             The game lasted 00:06:58 (2392 turns).

Craser22 the Chopper (Minotaur Berserker)           Turns: 2392, Time: 00:06:58

Health: 0/45       AC:  7    Str: 22    XL:     5   Next: 66%
Magic:  4/4        EV:  2    Int:  4    God:    Trog [***...]
Gold:   149        SH:  0    Dex: 10    Spells: 4/4 levels left

rFire    . . .     SeeInvis .   a - +0 hand axe
rCold    . . .     Gourm    .   (no shield)
rNeg     . . .     Faith    .   f - +0 scale mail
rPois    .         Spirit   .   (helmet restricted)
rElec    .         Reflect  .   (no cloak)
rCorr    .         Harm     .   (no gloves)
MR       .....                  h - +0 pair of boots
Stlth    ..........             (no amulet)
HPRegen  0.15/turn              (no ring)
MPRegen  0.09/turn              (no ring)

@: paralysed
A: retaliatory headbutt, horns 2
a: Berserk, Trog's Hand, Renounce Religion


You were on level 4 of the Dungeon.
You worshipped Trog.
Trog was most pleased with you.
You were not hungry.

You visited 1 branch of the dungeon, and saw 4 of its levels.

You collected 149 gold pieces.


Innate Abilities, Weirdness & Mutations

You reflexively headbutt those who attack you in melee.
You have a pair of horns on your head.


   Skills:
 - Level 3.6 Fighting
 + Level 7.8 Axes
 - Level 2.4 Armour
 - Level 2.1 Dodging


You had 4 spell levels left.
You didn't know any spells.
Your spell library was empty.

Inventory:

Hand Weapons
 a - a +0 hand axe (weapon)
 u - a +0 flail
Missiles
 b - 95 stones (quivered)
Armour
 f - a +0 scale mail (worn)
 h - a +0 pair of boots (worn)
Jewellery
 n - an uncursed amulet of guardian spirit {unknown}
Scrolls
 e - 3 scrolls of remove curse {unknown}
 i - 2 scrolls of teleportation {unknown}
 j - a scroll of random uselessness {unknown}
 o - a scroll of noise {unknown}
 p - a scroll of amnesia {unknown}
 q - a scroll of blinking {unknown}
 s - a scroll of magic mapping {unknown}
Potions
 d - 3 potions of haste {unknown}
 k - a potion of mutation {unknown}
 l - a potion of lignification {unknown}
 r - a potion of curing {unknown}
 t - a potion of flight {unknown}
Comestibles
 c - 5 rations
 g - 3 chunks of flesh

Dungeon Overview and Level Annotations

Branches:
Dungeon (4/15)
 Temple: D:4-7

Altars:
Kikubaaqudgha
Wu Jian

Annotations:
D:4 Grinder

▒▒▒ .....▒▒ ▒.. ▒▒
.▒▒▒▒▒..... ...▒▒..▒
.........▒ ▒ ▒..▒▒▒.▒▒.▒
▒.....▒ ... ▒..▒▒.....
▒▒...▒▒▒....
▒>.▒.....▒▒▒▒▒...........
▒...▒▒....▒.............£
▒..▒ ▒.............▒▒...
...▒▒▒▒.........H.▒▒▒ ..
.[..▒▒..▒▒.▒▒▒▒.5▒▒
▒▒▒...)▒▒▒.▒▒ ▒▒.▒ ▒
▒▒▒.))<...▒ ..▒ ▒
▒▒..▒▒▒....... ▒ ▒.▒▒
▒.▒▒▒▒.. . ▒.▒ .▒ ▒ . ▒.▒
.▒ . ..▒ ▒


You could see Grinder.


Message History

You hit Grinder but do no damage.
Grinder is heavily wounded.
Grinder hits you!
You writhe in agony.
* * * LOW HITPOINT WARNING * * *
You barely miss Grinder. You headbutt Grinder.
Grinder is severely wounded.
Grinder says, "Just stop there for a second..."
Grinder hits you but does no damage.
You closely miss Grinder. You headbutt Grinder.
Grinder is severely wounded.
Grinder gestures at you.
You suddenly lose the ability to move!
Grinder says, "Tell me all your secrets, or I'll kill you."
Grinder hits you.
* * * LOW HITPOINT WARNING * * *
You writhe in agony.
* * * LOW HITPOINT WARNING * * *
Grinder gestures at you. You resist with significant effort. Grinder hits you!
* * * LOW HITPOINT WARNING * * *
You writhe in agony.
* * * LOW HITPOINT WARNING * * *
Grinder gestures at you. You resist with significant effort. Grinder hits you.
You die...

Action                   |  1- 3 |  4- 6 || total
-------------------------+-------+-------++-------
Melee: Hand axe          |    96 |    93 ||   189
       Headbutt          |    11 |    19 ||    30
  Eat: Chunk             |       |     5 ||     5
Armor: Animal skin       |     1 |       ||     1
       Ring mail         |    30 |    17 ||    47
       Scale mail        |       |     6 ||     6
Dodge: Dodged            |    43 |    46 ||    89

Levels and vault maps discovered:
D:1:      lightli_arrival_isolated_outpost, layout_loops_ring
D:2:      layout_loops_ring, minmay_misc_feat_roman
D:3:      layout_basic, old_standard_altar, lemuel_zombie_altar_kikubaaqudgha,
          chequers_ecumenical_altar_island
D:4:      layout_layer_cave, tgw_trog, first_ration, item_on_display_a,
          uniq_blork_the_orc, uniq_grinder

Notes
Turn   | Place    | Note
-------+----------+-------------------------------------------
     0 | D:1      | Craser22 the Minotaur Berserker began the quest for the
                  | Orb.
     0 | D:1      | Reached XP level 1. HP: 19/19 MP: 0/0
    72 | D:1      | Reached skill level 4 in Axes
   183 | D:1      | Reached XP level 2. HP: 26/26 MP: 1/1
   536 | D:2      | Reached ** piety under Trog
   536 | D:2      | Reached skill level 5 in Axes
   548 | D:2      | Reached XP level 3. HP: 31/31 MP: 2/2
  1021 | D:2      | Reached skill level 6 in Axes
  1021 | D:2      | Reached XP level 4. HP: 38/39 MP: 3/3
  1536 | D:3      | Found an ornate altar of the Wu Jian Council.
  1705 | D:3      | Found a faded altar of an unknown god.
  1717 | D:3      | Reached skill level 7 in Axes
  1717 | D:3      | Reached XP level 5. HP: 44/45 MP: 4/4
  1913 | D:3      | Reached *** piety under Trog
  1918 | D:3      | Found an ancient bone altar of Kikubaaqudgha.
  2371 | D:4      | Noticed Grinder
  2387 | D:4      | Paralysed by Grinder for 6 turns
  2390 | D:4      | HP: 2/45 [Grinder (3)]
  2392 | D:4      | Slain by Grinder

Vanquished Creatures
  A crimson imp (D:2)
  A hound (D:3)
  An orc priest (D:4)
  4 adders
  2 oozes (D:2)
  2 worms (D:2)
  2 dart slugs (D:1)
  2 leopard geckos
  5 orcs
  A ball python (D:1)
  7 bats
  2 bat zombies (D:3)
  2 giant cockroaches
  9 goblins
  5 hobgoblins
  4 jackals (D:2)
  A quokka (D:2)
  4 frilled lizards
  2 jackal skeletons (D:4)
  6 kobolds
  13 rats
  A rat zombie (D:3)
77 creatures vanquished.
